 Dungeon Crawl Stone Soup version 0.19-a0-1907-gcff654f (webtiles) character file.

21965 JeffiDaFish the Cleaver (level 12, -5/106 HPs)
             Began as a Hill Orc Fighter on Oct 22, 2016.
             Was an Elder of Beogh.
             Slain by a seven-headed hydra (8 damage)
             ... on level 4 of the Lair of Beasts.
             The game lasted 00:56:14 (16115 turns).

JeffiDaFish the Cleaver (Hill Orc Fighter)         Turns: 16115, Time: 00:56:14

Health: -5/106     AC: 10    Str: 22    XL:     12   Next: 95%
Magic:  23/23      EV: 10    Int:  8    God:    Beogh [****..]
Gold:   480        SH: 17    Dex: 14    Spells: 4 memorised, 21 levels left

rFire  . . .     SeeInvis .     G - +4 broad axe (venom)
rCold  . . .     Gourm    .     b - +0 scale mail
rNeg   . . .     Faith    .     c - +5 shield
rPois  +         Spirit   .     p - +1 helmet
rElec  .         Reflect  .     (no cloak)
rCorr  .         Harm     .     (no gloves)
MR     .....                    (no boots)
Stlth  ..........               q - amulet of regeneration
                                w - ring of poison resistance
                                n - +2 ring of dexterity

@: no status effects
A: talons 1, blurry vision 1
a: Smiting, Recall Orcish Followers, Renounce Religion


You were on level 4 of the Lair of Beasts.
You worshipped Beogh.
Beogh was greatly pleased with you.
You were not hungry.

You visited 2 branches of the dungeon, and saw 15 of its levels.

You collected 760 gold pieces.
You spent 280 gold pieces at shops.

Inventory:

Hand Weapons
 G - a +4 broad axe of venom (weapon)
Armour
 b - a +0 scale mail (worn)
 c - a +5 shield (worn)
 p - a +1 helmet (worn)
Jewellery
 n - a +2 ring of dexterity (left hand)
 q - an amulet of regeneration (around neck)
 w - a ring of poison resistance (right hand)
 H - an uncursed ring of magical power
Wands
 j - a wand of digging (12/24)
Scrolls
 e - 3 scrolls of identify
 i - 2 scrolls of blinking
 k - 3 scrolls of magic mapping
 r - 2 scrolls of fog
 t - a scroll of remove curse
 v - 2 scrolls of recharging
 y - 5 scrolls of teleportation
Potions
 g - a potion of curing
 o - 2 potions of berserk rage
 E - a potion of brilliance
Books
 d - a book of Conjurations

   Spells                             Type                      Level
   a - Magic Dart                     Conjuration                  1
   b - Searing Ray                    Conjuration                  2
   c - Dazzling Spray                 Conjuration/Hexes            3
   d - Fulminant Prism                Conjuration/Hexes            4
   e - Iskenderun's Mystic Blast      Conjuration                  4
   f - Iskenderun's Battlesphere      Conjuration/Charms           5
 l - a book of Debilitation

   Spells                             Type                      Level
   a - Corona                         Hexes                        1
   b - Slow                           Hexes                        2
   c - Gell's Gravitas                Hexes/Translocation          3
   d - Inner Flame                    Hexes/Fire                   3
   e - Cause Fear                     Hexes                        4
   f - Leda's Liquefaction            Hexes/Earth                  4
 m - a book of Power

   Spells                             Type                      Level
   a - Fulminant Prism                Conjuration/Hexes            4
   b - Iskenderun's Mystic Blast      Conjuration                  4
   c - Venom Bolt                     Conjuration/Poison           5
   d - Bolt of Magma                  Conjuration/Fire/Earth       5
   e - Iron Shot                      Conjuration/Earth            6
   f - Orb of Destruction             Conjuration                  7
   g - Spellforged Servitor           Conjuration/Summoning        7
 s - a book of Air

   Spells                             Type                      Level
   a - Shock                          Conjuration/Air              1
   b - Swiftness                      Charms/Air                   2
   c - Repel Missiles                 Charms/Air                   2
   d - Static Discharge               Conjuration/Air              3
   e - Lightning Bolt                 Conjuration/Air              5
 A - Gihiomaree's Almanac of Ashen Talismans
   (You found it on level 7 of the Dungeon)

   Spells                             Type                      Level
   a - Sandblast                      Earth                        1
   b - Repel Missiles                 Charms/Air                   2
   c - Bolt of Magma                  Conjuration/Fire/Earth       5
   d - Deflect Missiles               Charms/Air                   6
   e - Statue Form                    Transmutation/Earth          6
 D - a book of Necromancy

   Spells                             Type                      Level
   a - Pain                           Necromancy                   1
   b - Animate Skeleton               Necromancy                   1
   c - Vampiric Draining              Necromancy                   3
   d - Regeneration                   Charms/Necromancy            3
   e - Animate Dead                   Necromancy                   4
   f - Control Undead                 Necromancy                   4
Miscellaneous
 a - a lamp of fire
Comestibles
 f - 7 bread rations
 h - 6 meat rations
 x - 4 slices of pizza
 C - 3 beef jerkies


   Skills:
 + Level 9.8 Fighting
 + Level 12.1 Axes
 + Level 9.1 Armour
 - Level 1.9 Dodging
 - Level 0.3 Stealth
 + Level 9.1 Shields
 * Level 7.5 Spellcasting
 + Level 7.7 Conjurations
 + Level 4.4 Necromancy
 - Level 2.3 Air Magic


You had 21 spell levels left.
You knew the following spells:

 Your Spells              Type           Power        Failure   Level  Hunger
a - Shock                 Conj/Air       ##..         14%         1    None
b - Magic Dart            Conj           ###.         4%          1    None
c - Searing Ray           Conj           ###...       8%          2    ##.....
d - Animate Skeleton      Necr           N/A          17%         1    None


Dungeon Overview and Level Annotations

Branches:
Dungeon (11/15)            Temple (0/1) D:7            Lair (4/6) D:11
  Swamp (0/4) Lair:2        Snake (0/4) Lair:3          Orc (0/2) D:9

Altars:
Ashenzari
Cheibriados
Elyvilon
Gozag
Hepliaklqana
Kikubaaqudgha
Nemelex Xobeh
Qazlal
Trog
The Shining One

Shops:
D:9 (

Annotations:
D:6 exclusion: oklob plant


Innate Abilities, Weirdness & Mutations

You have sharp toenails.
Scrolls take you a little longer to read.


Message History

The six-headed hydra bites you. The six-headed hydra bites you!
The six-headed hydra bites you but does no damage.
Your chaos spawn hits the komodo dragon but does no damage.
You hit the porcupine.
You kill the porcupine!
Beogh accepts your kill.
You lop one of the six-headed hydra's heads off!
The five-headed hydra grows two more!
You hit the seven-headed hydra.
The seven-headed hydra is poisoned.
You hit the komodo dragon but do no damage.
Your orc sorcerer hits the komodo dragon with a dagger.
The komodo dragon bites you!!
* * * LOW HITPOINT WARNING * * *
You block the seven-headed hydra's attack. x2
The seven-headed hydra bites you.
* * * LOW HITPOINT WARNING * * *
The seven-headed hydra bites you.
* * * LOW HITPOINT WARNING * * *
The seven-headed hydra bites you!
You die...

.................# ..
.........#........#.#.###.
............###...........
#..#........#.#......⌠....
≈≈PP............#.........
≈PPP........#P..##.⌠...⌠.#
P≈≈≈........#P..##........
≈≈PP...........##D...⌠....
PP≈P............@lo4......
≈≈P.............4..###.#..
P≈P..........##...#....
≈P≈≈...........⌠........
≈P≈..............#.......
≈≈P≈......#P.##+####.....
≈PP≈.....P#### .....
...P.....## ....#
...#.....P


You could see a seven-headed hydra, a komodo dragon, a friendly rust devil, a
friendly chaos spawn and a friendly orc sorcerer.

Vanquished Creatures
  An unseen horror (D:11)
  4 hill giants
  A cyclops (D:11)
  An elephant (Lair:3)
  Psyche (D:10)
  A black mamba (Lair:2)
  A gargoyle (D:10)
  5 spiny frogs
  A rime drake (Lair:4)
  3 trolls
  Grinder (D:3)
  3 hippogriffs
  5 blink frogs
  A two-headed ogre (D:10)
  A spriggan (D:7)
  11 yaks
  Menkaure (D:5)
  Duvessa (D:7)
  4 water moccasins
  2 hell hounds (D:11)
  Purgy (D:4)
  6 porcupines
  3 orc warriors
  2 ice beasts
  3 sky beasts
  A black bear (D:9)
  A necrophage (D:6)
  2 phantoms
  5 ogres
  9 centaurs
  6 crocodiles
  A big kobold (D:9)
  5 bullfrogs
  A gnoll sergeant (D:9)
  Dowan (D:7)
  4 scorpions
  4 killer bees (D:10)
  4 wights (D:11)
  3 howler monkeys (D:9)
  5 crimson imps
  2 bullfrog zombies
  2 centaur zombies
  8 jellies
  A quasit (D:9)
  6 hounds
  4 orc priests
  A bullfrog skeleton (D:8)
  A gnoll shaman (D:7)
  5 iguanas
  10 orc wizards
  10 worker ants
  A hound zombie (D:10)
  A worker ant zombie (D:8)
  15 gnolls
  12 adders
  4 shadow imps
  14 oozes
  4 worms
  2 adder skeletons
  3 leopard geckos
  44 orcs
  A ball python (D:2)
  5 giant cockroaches
  7 goblins
  11 hobgoblins
  18 jackals
  5 quokkas
  6 bats
  4 frilled lizards
  14 kobolds
  5 rats
  A fungus (Lair:2)
  2 plants
345 creatures vanquished.

Vanquished Creatures (collateral kills)
  4 death yaks (Lair:3)
  Sonja (Lair:1)
  2 elephants (Lair:3)
  A centaur zombie (D:11)
  4 spiny frogs
  A hippogriff (Lair:3)
  4 blink frogs
  3 yaks (Lair:2)
  3 water moccasins
  3 porcupines
  2 ice beasts
  A crocodile (Lair:2)
  A bullfrog (Lair:2)
  A wight (D:11)
  A jelly (D:11)
  An orc wizard (D:10)
  A worker ant (D:11)
  2 orcs (D:10)
36 creatures vanquished.

Vanquished Creatures (others)
  4 orc warriors (D:11)
  A bullfrog zombie (D:6)
  8 orcs
  A quokka (D:6)
  7 fungi
  A plant (Lair:3)
22 creatures vanquished.

Grand Total: 403 creatures vanquished

Notes
Turn   | Place    | Note
-------+----------+-------------------------------------------
     0 | D:1      | JeffiDaFish the Hill Orc Fighter began the quest for the Orb.
     0 | D:1      | Reached XP level 1. HP: 19/19 MP: 1/1
   199 | D:1      | Reached XP level 2. HP: 26/27 MP: 2/2
   423 | D:1      | Reached skill level 3 in Axes
   822 | D:2      | Reached XP level 3. HP: 24/33 MP: 3/3
  1186 | D:2      | Reached XP level 4. HP: 26/40 MP: 4/4
  1236 | D:2      | Reached skill level 4 in Axes
  2012 | D:3      | Reached XP level 5. HP: 46/46 MP: 5/5
  2027 | D:3      | Noticed Grinder
  2034 | D:3      | Paralysed by Grinder for 3 turns
  2056 | D:3      | Paralysed by Grinder for 3 turns
  2064 | D:3      | Killed Grinder
  2064 | D:3      | Reached skill level 5 in Axes
  2064 | D:3      | Reached skill level 1 in Dodging
  2064 | D:3      | Reached XP level 6. HP: 16/53 MP: 6/6
  2354 | D:3      | Reached skill level 6 in Axes
  2385 | D:3      | Found a faded altar of an unknown god.
  2461 | D:3      | Noticed a hippogriff
  2476 | D:3      | Killed a hippogriff
  2476 | D:3      | Reached skill level 5 in Armour
  2476 | D:3      | Reached XP level 7. HP: 6/60 MP: 7/7
  2774 | D:3      | Found a faded altar of an unknown god.
  2774 | D:3      | Found a faded altar of an unknown god.
  2779 | D:3      | Found a faded altar of an unknown god.
  2781 | D:3      | Found a white marble altar of Elyvilon.
  2782 | D:3      | Found a faded altar of an unknown god.
  3074 | D:4      | Reached skill level 7 in Axes
  3231 | D:4      | Found an opulent altar of Gozag.
  3231 | D:4      | Found a sparkling altar of Nemelex Xobeh.
  3327 | D:4      | Noticed Purgy
  3346 | D:4      | Killed Purgy
  3346 | D:4      | Reached skill level 5 in Fighting
  3505 | D:4      | Reached skill level 5 in Shields
  3701 | D:4      | Reached XP level 8. HP: 51/68 MP: 8/8
  4017 | D:5      | Entered Level 5 of the Dungeon
  4059 | D:5      | Reached skill level 8 in Axes
  4094 | D:5      | Found a stormy altar of Qazlal.
  4100 | D:5      | Found a snail-covered altar of Cheibriados.
  4313 | D:5      | Learned a level 1 spell: Shock
  4314 | D:5      | Noticed Menkaure
  4318 | D:5      | Killed Menkaure
  4508 | D:6      | Reached skill level 1 in Spellcasting
  4508 | D:6      | Reached skill level 1 in Conjurations
  4560 | D:6      | Reached skill level 1 in Air Magic
  4735 | D:6      | Reached skill level 9 in Axes
  4741 | D:6      | Reached XP level 9. HP: 50/75 MP: 11/11
  4852 | D:6      | Found an ancient bone altar of Kikubaaqudgha.
  4879 | D:6      | Found a shattered altar of Ashenzari.
  5709 | D:6      | Noticed an oklob plant
  6012 | D:6      | Became a worshipper of Beogh the Brigand
  6433 | D:7      | Noticed Duvessa
  6434 | D:7      | Noticed Dowan
  6445 | D:7      | Killed Duvessa
  6470 | D:7      | Killed Dowan
  6659 | D:7      | Learned a level 1 spell: Magic Dart
  6809 | D:7      | Identified a scroll of acquirement
  6902 | D:7      | Found a bloodstained altar of Trog.
  6961 | D:7      | Found a staircase to the Ecumenical Temple.
  7104 | D:7      | Identified Gihiomaree's Almanac of Ashen Talismans
  7502 | D:7      | Reached XP level 10. HP: 86/86 MP: 15/15
  7563 | D:7      | Reached * piety under Beogh
  7994 | D:8      | Reached ** piety under Beogh
  8174 | D:8      | Found a hazy altar of Hepliaklqana.
  8684 | D:9      | Reached skill level 10 in Axes
  9101 | D:9      | Found a staircase to the Orcish Mines.
  9140 | D:9      | Learned a level 2 spell: Searing Ray
  9369 | D:9      | Found an ancient bone altar of Kikubaaqudgha.
  9503 | D:9      | Found Qestuijo's Antique Weapon Shoppe.
  9519 | D:9      | Bought a runed broad axe for 280 gold pieces
  9712 | D:10     | Entered Level 10 of the Dungeon
  9727 | D:10     | Gained mutation: You have sharp toenails. [potion of mutation]
  9727 | D:10     | Gained mutation: Scrolls take you a little longer to read. [potion of mutation]
  9821 | D:10     | Reached skill level 5 in Conjurations
 10527 | D:10     | Reached *** piety under Beogh
 10546 | D:10     | Reached skill level 5 in Spellcasting
 10557 | D:10     | Reached XP level 11. HP: 82/94 MP: 18/18
 10587 | D:10     | Noticed a hill giant
 10588 | D:10     | Noticed Psyche
 10598 | D:10     | Killed a hill giant
 10605 | D:10     | Killed Psyche
 10897 | D:10     | Noticed a hill giant
 10907 | D:10     | HP: 4/94 [hill giant/giant club (24)]
 10913 | D:10     | Killed a hill giant
 11474 | D:10     | Learned a level 1 spell: Animate Skeleton
 12058 | D:11     | Found a glowing golden altar of the Shining One.
 12100 | D:11     | Noticed a cyclops
 12102 | D:11     | Gained Oruk as an ally
 12104 | D:11     | Reached skill level 1 in Necromancy
 12110 | D:11     | Killed a cyclops
 12260 | D:11     | Your ally Oruk died
 12549 | D:11     | Killed an unseen horror
 12549 | D:11     | Reached skill level 11 in Axes
 12691 | D:11     | Noticed a hill giant
 12704 | D:11     | Killed a hill giant
 12729 | D:11     | Found a staircase to the Lair.
 13049 | D:11     | Noticed a hill giant
 13071 | D:11     | Killed a hill giant
 13528 | Lair:1   | Entered Level 1 of the Lair of Beasts
 13570 | Lair:1   | Reached **** piety under Beogh
 13596 | Lair:1   | Reached XP level 12. HP: 98/104 MP: 21/21
 13690 | Lair:1   | Noticed Sonja
 13698 | Lair:1   | Killed Sonja
 15072 | Lair:2   | Found a staircase to the Swamp.
 15300 | Lair:3   | Noticed a death yak
 15302 | Lair:3   | Noticed a death yak
 15302 | Lair:3   | Noticed a death yak
 15306 | Lair:3   | Noticed a death yak
 15306 | Lair:3   | Killed a death yak
 15308 | Lair:3   | Killed a death yak
 15310 | Lair:3   | Killed a death yak
 15316 | Lair:3   | Killed a death yak
 15354 | Lair:3   | Found a staircase to the Snake Pit.
 15385 | Lair:3   | Reached skill level 12 in Axes
 16106 | Lair:4   | Noticed a five-headed hydra
 16115 | Lair:4   | HP: 3/106 [seven-headed hydra (6)]
 16115 | Lair:4   | Slain by a seven-headed hydra

Vault maps used:
D:1:      lightli_arrival_flooded_house
D:2:      due_unseen_surprise
D:3:      chequers_temple_overflow_minitemple, ecumenical_altar_2, uniq_grinder
D:4:      grunt_temple_overflow_opulence, first_bread, uniq_purgy
D:5:      slow_altar_1, nicolae_overflow_hidden_temple, uniq_menkaure
D:6:      lemuel_slime, kiku_gazebo_pond_becter, kennysheep_mini_moat
D:7:      lemuel_round_altar, the_bakery, uniq_duvessa
D:8:      kennysheep_little_box, serial_glass, glass_columns_a, glass_columns_a
D:9:      minmay_klotski, orc_0_dummy, serial_shops, shop, lemuel_tele_altar
D:10:     uniq_psyche
D:11:     minmay_lair_entry_lava, basic_altar
Lair:1:   serial_bayou_shore_b, uniq_sonja
Lair:2:   swamp_mist_pool, grunt_megastairs_2
Lair:3:   guppyfry_snake_entry_garden, grunt_forest_small_clearing_treed
Lair:4:   grunt_megastairs_4, serial_bayou_shore_b, serial_bayou_shore_a

Skill      XL: |  1  2  3  4  5  6  7  8  9 10 11 12 |
---------------+-------------------------------------+-----
Axes           | 3 4 5 6 7 9 10 11 12 | 12.1
Armour         | 4 5 6 7 8 9 |  9.1
Shields        | 4 5 6 7 8 9 |  9.1
Fighting       | 4 5 6 7 9 |  9.8
Dodging        | 1 |  1.9
Spellcasting   | 1 3 5 6 7 |  7.5
Conjurations   | 1 3 5 6 7 |  7.7
Air Magic      | 1 2 |  2.3
Necromancy     | 2 4 |  4.4
Stealth        | |  0.3

Action                   |  1- 3 |  4- 6 |  7- 9 | 10-12 || total
-------------------------+-------+-------+-------+-------++-------
Melee: War axe           |   124 |    85 |   500 |   231 ||   940
       Broad axe         |       |       |       |   373 ||   373
       Kick              |       |       |       |   133 ||   133
 Cast: Magic Dart        |       |       |     1 |    14 ||    15
       Shock             |       |       |       |     2 ||     2
       Animate Skeleton  |       |       |       |    18 ||    18
Invok: Convert to Beogh  |       |       |     1 |       ||     1
       Recall Orcish Fol |       |       |       |     1 ||     1
  Use: Scroll            |     6 |     4 |    11 |    14 ||    35
       Potion            |     2 |     4 |     5 |     7 ||    18
 Stab: Paralysed         |       |       |       |     9 ||     9
       Distracted        |       |       |       |     4 ||     4
  Eat: Chunk             |     1 |     4 |     9 |     9 ||    23
       Bread ration      |       |       |     2 |     4 ||     6
       Meat ration       |       |       |       |     1 ||     1
Armor: Scale mail        |    50 |    38 |   113 |   175 ||   376
Dodge: Dodged            |    31 |    21 |   105 |   177 ||   334
Block: Shield            |    75 |    45 |   294 |   509 ||   923
